 Dungeon Crawl Stone Soup version 0.32-a0-30-gefbe487952 (webtiles) character file.

Game seed: 4526668472702031416

332 Descartes the Blocker (level 6, 0/47 HPs)
             Began as a Formicid Fighter on Jan 19, 2024.
             Killed by divine providence
             ... invoked by an orc priest
              (13 damage)
             ... on level 4 of the Dungeon.
             The game lasted 00:07:21 (2797 turns).

Descartes the Blocker (Formicid Fighter)            Turns: 2797, Time: 00:07:21

Health: 0/47       AC: 22    Str: 24 (25) XL:     6   Next: 82%
Magic:  6/6        EV:  6    Int:  6 (8)  God:
Gold:   186        SH:  6    Dex: 15 (17) Spells: 5/5 levels left

rFire   + . .        a - +0 war axe
rCold   . . .        c - +0 buckler
rNeg    . . .        k - +11 plate armour of Pinizetapn {rF+ Str+3 Dex+4}
rPois   .            (helmet unavailable)
rElec   .            (no cloak)
rCorr   .            (no gloves)
SInv    +            (no boots)
Will    .....        (no amulet) Stlth
                     (no ring)
HPRegen 0.27/turn    (no ring)
MPRegen 0.10/turn

%: no passive effects
@: no status effects
A: permanent stasis, dig shafts and tunnels, antennae 3, four strong arms
a: Dig, Shaft Self


You were on level 4 of the Dungeon.
You visited 1 branch of the dungeon, and saw 4 of its levels.

You collected 186 gold pieces.

Inventory:

Hand Weapons
 a - a +0 war axe (weapon)
 f - a +1 whip of draining
Missiles
 g - a throwing net
 p - 7 poisoned darts
 q - 8 boomerangs
Armour
 c - a +0 buckler (worn)
 k - the +11 plate armour of Pinizetapn (worn) {rF+ Str+3 Dex+4}
   (You found it on level 2 of the Dungeon)

   Str+3:     It affects your strength (+3).
   Dex+4:     It affects your dexterity (+4).
   rF+:       It protects you from fire.
Jewellery
 d - a ring of resist corrosion
 e - a ring of flight
 l - a +6 ring of dexterity
 r - a ring of ice
Scrolls
 b - 2 scrolls of poison {unknown}
 h - 5 scrolls of identify {unknown}
 i - a scroll of torment {unknown}
 n - a scroll of teleportation {unknown}
 s - 2 scrolls of amnesia {unknown}
 v - a scroll of blinking {unknown}
Potions
 j - a potion of magic {unknown}
 m - a potion of enlightenment
 o - a potion of mutation {unknown}
 t - a potion of degeneration
 u - a potion of brilliance {unknown}


   Skills:
 - Level 3.2 Fighting
 - Level 2.0 Axes
 - Level 3.2 Armour
 + Level 9.4 Shields


You had 5 spell levels left.
You didn't know any spells.
Your spell library was empty.

Dungeon Overview and Level Annotations

Branches:
Dungeon (4/15)
 Temple: D:4-7

Altars:
Qazlal
Trog

Shops:
D:1 ?


Innate Abilities, Weirdness & Mutations

You cannot be hasted, slowed, berserked, paralysed or teleported.
You can dig through walls and to a lower floor.
You have a pair of large antennae on your head. (SInv)
Your four strong arms can wield two-handed weapons with a shield.


Message History

The orc wizard hits you but does no damage.
Unknown command.
You completely miss the orc wizard.
The orc wizard points at you and mumbles some strange words.
The magic dart hits you.
The orc wizard hits you but does no damage.
You closely miss the orc wizard.
The orc wizard mumbles some strange words.
The orc wizard flickers and vanishes for a moment.
Unknown command.
You hit the orc wizard but do no damage.
The orc priest calls down the wrath of Beogh upon you.
The orc wizard writhes in agony.
The orc wizard hits you but does no damage. x2
You slash the orc wizard!
The orc wizard is almost dead.
The orc wizard hits you with a +0 dagger.
Unknown command.
You hit the orc wizard but do no damage.
The orc wizard is almost dead.
The orc wizard gestures at you while chanting.
The puff of flame hits you but does no damage.
You resist.
Unknown command.
You closely miss the orc wizard.
The orc wizard is almost dead.
The orc priest calls down the wrath of Beogh upon you.
The orc wizard writhes in agony.
The orc wizard dies!
You hit the orc priest.
The orc priest is severely wounded.
The orc priest hits you but does no damage.
Unknown command.
You hit the orc priest.
The orc priest is almost dead.
The orc priest hits you with a +0 war axe!
* * * LOW HITPOINT WARNING * * *
The orc priest invokes the aid of Beogh against you.
Beogh smites you!
You die...

####..# #.....###
#.#.....#
###.#.###.#####
#.....# #.....#
#.#.#.###.###.#
#.#.#.....# #.#
#.#.###.### #.#
#@#.# #.# #.#
#o#.# #.#####.#
#o#.# #.......#
#o#.# ####.##.####
#o#.#####.#.#.....
#.#......###...##
#.#######.#.#...#
#.# ####.##...## {
...............


You could see an orc priest and 3 orcs.

Vanquished Creatures
  6 orc wizards
  Robin (D:4)
  5 adders
  2 dart slugs
  A ribbon worm (D:2)
  10 orcs
  6 bats
  5 endoplasms
  3 giant cockroaches
  13 goblins
  9 hobgoblins
  12 jackals
  4 quokkas
  10 ball pythons
  5 frilled lizards
  6 kobolds
  5 rats
103 creatures vanquished.

Vanquished Creatures (others)
  An orc wizard (D:4)
1 creature vanquished.

Grand Total: 104 creatures vanquished

Notes
Turn   | Place    | Note
-------+----------+-------------------------------------------
     0 | D:1      | Descartes the Formicid Fighter began the quest for the Orb.
     0 | D:1      | Reached XP level 1. HP: 18/18 MP: 1/1
   231 | D:1      | Reached XP level 2. HP: 23/24 MP: 2/2
   282 | D:1      | Reached skill level 5 in Shields
   574 | D:1      | Reached XP level 3. HP: 29/29 MP: 3/3
   881 | D:1      | Found Deyb Nya's Magic Scroll Shop.
  1108 | D:2      | Identified the +11 plate armour of Pinizetapn {rF+ Str+3
                  | Dex+4}
  1222 | D:2      | Reached skill level 6 in Shields
  1286 | D:2      | Reached XP level 4. HP: 35/35 MP: 4/4
  1894 | D:3      | Reached skill level 7 in Shields
  1955 | D:3      | Reached XP level 5. HP: 41/41 MP: 5/5
  1989 | D:3      | Found a stormy altar of Qazlal.
  2311 | D:3      | Reached skill level 8 in Shields
  2315 | D:3      | Reached XP level 6. HP: 47/47 MP: 6/6
  2374 | D:3      | Found a bloodstained altar of Trog.
  2522 | D:4      | Noticed Robin
  2531 | D:4      | Killed Robin
  2532 | D:4      | Reached skill level 9 in Shields
  2797 | D:4      | Killed from afar by an orc priest

Illustrated notes

Levels and vault maps discovered:
D:1:      co_arrival_square_in_a_square_in_a_square, layout_basic, serial_shops,
          nicolae_shop_back_alley_shop
D:2:      layout_basic, minmay_small_reverse_x
D:3:      layout_loops_cross, trog_book, general_overflow_altar
D:4:      layout_loops_ring, uniq_robin

Skill      XL: |  1  2  3  4  5  6 |
---------------+-------------------+-----
Shields        | 5 6 7 8 9 |  9.4
Fighting       | |  3.2
Axes           | |  2.0
Armour         | |  3.2

Action                     |  1- 3 |  4- 6 || total
---------------------------+-------+-------++-------
  Melee: War axe           |    86 |   172 ||   258
    Use: Potion            |       |     5 ||     5
 Armour: Plate armour      |    64 |   163 ||   227
         Scale mail        |     8 |       ||     8
         Skin              |       |    54 ||    54
  Dodge: Dodged            |    27 |    65 ||    92
  Block: Buckler           |    32 |    62 ||    94

Table legend: (Time is in decaauts)
 A = Elapsed time spent in this place.
 B = Non-inter-level travel time spent in this place.
 C = Inter-level travel time spent in this place.
 D = Time resting spent in this place.
 E = Time spent auto-exploring this place.
 F = Levels seen in this place.
 G = Mean time per level.
                   A        B        C        D        E       F      G
               +--------+--------+--------+--------+--------+-----+--------+
         Total |   2907 |   2786 |    121 |      0 |   2142 |   4 |  726.8 |
       Dungeon |   2907 |   2786 |    121 |      0 |   2142 |   4 |  726.8 |
               +--------+--------+--------+--------+--------+-----+--------+

Top non-repeatable levels by time:
     D:1: 1143 daAuts
     D:2: 774 daAuts
     D:3: 664 daAuts
     D:4: 324 daAuts
